Map: Washout LE

Players

Elazer

  • Race: Zerg Zerg
  • League: Master
  • Spawn Location: 7:00

Reynor - Winner!

  • Race: Zerg Zerg
  • League: Master
  • Spawn Location: 1:00

VOD

Have the link to the VOD?

Description

Time

  • Played on: July 5, 2026, 7:04 a.m.
  • Length: 11:59
Show
View Real Time Build Order
Export as new Build Order

Elazer Zerg 

Build Orders: Hatch First 

Get SALT Encoding   

  8  0:00  Drone  
  9  0:10  Drone  
  10  0:16  Drone  
  11  0:26  Overlord  
  11  0:32  Drone  
  12  0:45  Drone x2  
  15  0:50  Drone  
  15  1:09  Hatchery  
  14  1:13  Drone  
  14  1:17  Drone  
  16  1:20  Drone  
  17  1:35  Spawning Pool  
  17  1:38  Drone  
  17  1:41  Drone  
  17  1:44  Extractor  
  17  1:49  Drone  
  18  2:02  Overlord  
  18  2:21  Zergling x6  
  18  2:22  Queen  
  21  2:34  Drone x2  
  17  2:46  Drone x2  
  17  2:51  Drone  
  18  2:56  Drone  
  19  3:01  Drone  
  20  3:07  Drone  
  20  3:10  Drone  
  22  3:14  Drone  
  23  3:22  Drone x2  
  25  3:30  Drone  
  25  3:31  Drone x2  
  25  3:33  Drone  
  27  3:37  Drone  
  27  3:38  Drone  
  28  3:49  Overlord  
  28  3:50  Drone  
  28  3:55  Queen  
  31  3:58  Drone  
  32  4:07  Drone x2  
  34  4:11  Drone x4  
  38  4:20  Overlord  
  38  4:24  Spore Crawler  
  37  4:25  Drone x2  
  37  4:29  Metabolic Boost  
  40  4:42  Drone x4  
  40  4:43  Hatchery  
  43  4:48  Overlord  
  43  4:50  Drone x2  
  45  4:57  Extractor  
  45  4:58  Extractor, Overlord  
  43  5:01  Lair  
  43  5:05  Drone  
  43  5:06  Drone x3, Extractor  
  46  5:09  Drone x2  
  46  5:11  Drone  
  49  5:14  Zergling x4  
  49  5:15  Zergling x2  
  52  5:22  Baneling Nest  
  52  5:25  Zergling x4  
  53  5:30  Overlord  
  53  5:33  Zergling x2  
  53  5:35  Zergling x4  
  56  5:36  Zergling x2  
  57  5:43  Zergling x4  
  57  5:44  Zergling x4  
  57  5:49  Zergling x2  
  62  5:53  Overlord  
  62  5:56  Drone  
  63  5:57  Queen  
  63  6:00  Spire  
  64  6:05  Zergling x6  
  64  6:06  Baneling  
  64  6:07  Baneling x4  
  64  6:08  Zergling x2  
  68  6:13  Zergling x2  
  69  6:20  Drone x6  
  69  6:24  Overlord  
  69  6:42  Zergling x14  
  64  6:52  Zergling x12  
  64  6:54  Zergling x4  
  58  7:02  Baneling x2  
  58  7:06  Mutalisk x3  
  63  7:13  Mutalisk x2  
  66  7:19  Mutalisk  
  66  7:20  Mutalisk  
  69  7:24  Zergling x4  
  71  7:33  Mutalisk  
  69  7:42  Drone x8  
  73  7:53  Mutalisk  
  73  7:56  Drone  
  73  7:58  Mutalisk  
  72  8:01  Queen  
  72  8:03  Overlord  
  74  8:06  Zerg Flyer Weapons Level 1  
  74  8:09  Baneling  
  74  8:10  Zergling x4  
  78  8:12  Zergling x4  
  78  8:27  Centrifugal Hooks, Hatchery  
  78  8:28  Zergling x2  
  78  8:30  Zergling x4  
  80  8:36  Mutalisk x2  
  84  8:44  Mutalisk  
  84  8:47  Overlord x2  
  86  8:52  Overlord  
  86  8:53  Baneling  
  86  8:54  Baneling x3  
  86  8:57  Zergling x2  
  86  8:58  Zergling x2  
  88  9:13  Zergling x2  
  88  9:14  Zergling x8  
  92  9:22  Overlord  
  92  9:25  Baneling x5  
  92  9:26  Baneling x3, Zergling x10  
  97  9:32  Zergling x2  
  97  9:33  Queen  
  97  9:37  Zergling x4  
  102  9:39  Baneling x11  
  102  9:40  Baneling  
  102  9:41  Zergling x2  
  102  10:01  Zergling x20  
  92  10:14  Mutalisk  
  92  10:15  Mutalisk  
  92  10:19  Mutalisk x2  
  100  10:27  Baneling x4  
  100  10:28  Hatchery, Zergling x2  
  97  10:29  Zergling x4  
  97  10:30  Baneling x2  
  100  10:36  Zergling x6  
  104  10:54  Hatchery  
  104  10:55  Mutalisk x2  
  107  10:57  Mutalisk  
  109  11:13  Drone x7  
  116  11:21  Baneling  
  116  11:22  Baneling  
  116  11:23  Baneling  
  116  11:24  Drone x2  
Show
View Real Time Build Order
Export as new Build Order

Reynor Zerg - Winner!

Build Orders: Pool First 

Get SALT Encoding   

  8  0:00  Drone  
  9  0:11  Drone  
  10  0:33  Spawning Pool  
  9  0:38  Drone  
  10  0:43  Drone  
  10  0:49  Drone  
  12  0:58  Overlord  
  12  1:19  Zergling x6  
  15  1:30  Zergling x2  
  16  1:40  Zergling x2  
  17  1:47  Hatchery  
  17  1:51  Zergling x2  
  17  2:00  Zergling x2  
  18  2:11  Queen  
  20  2:22  Overlord  
  18  2:30  Drone  
  18  2:31  Drone  
  18  2:44  Drone  
  18  2:50  Queen  
  19  2:54  Drone  
  20  3:00  Zergling x2  
  20  3:02  Drone  
  22  3:09  Drone  
  22  3:10  Drone  
  24  3:19  Drone x2  
  25  3:21  Drone  
  25  3:25  Drone  
  27  3:29  Overlord  
  27  3:32  Drone  
  28  3:37  Drone  
  28  3:39  Drone  
  30  3:45  Drone  
  31  3:52  Drone x3  
  31  3:53  Drone  
  31  3:55  Drone  
  36  4:01  Overlord  
  36  4:02  Extractor, Drone  
  36  4:05  Drone  
  36  4:07  Drone  
  36  4:08  Drone  
  39  4:19  Overlord  
  39  4:20  Drone x2  
  41  4:25  Drone  
  41  4:34  Hatchery  
  41  4:35  Queen  
  41  4:36  Drone  
  41  4:37  Drone  
  44  4:40  Drone x2  
  44  4:42  Extractor  
  45  4:45  Zergling x4  
  45  4:49  Drone, Overlord  
  45  4:51  Zergling x2  
  49  5:00  Evolution Chamber  
  49  5:01  Zergling x2  
  49  5:02  Zergling x4  
  51  5:07  Metabolic Boost  
  51  5:09  Drone x2  
  51  5:10  Drone  
  51  5:12  Drone, Extractor  
  54  5:18  Overlord  
  54  5:23  Zergling x2  
  55  5:28  Zerg Ground Armor Level 1  
  55  5:29  Zergling x2  
  55  5:30  Zergling x6, Roach Warren  
  55  5:34  Zergling x2  
  59  5:39  Zergling x2  
  60  5:43  Zergling x4  
  60  5:44  Zergling x4  
  60  5:46  Zergling x2  
  65  5:50  Zergling x2  
  65  5:54  Zergling x2  
  65  5:55  Zergling x2  
  65  5:56  Lair  
  68  6:00  Zergling x2  
  68  6:02  Overlord  
  69  6:05  Zergling x2  
  69  6:06  Drone x3  
  69  6:09  Drone  
  74  6:15  Overlord  
  74  6:16  Drone x2  
  76  6:19  Overlord  
  76  6:24  Zergling x8  
  80  6:26  Roach  
  80  6:27  Roach  
  80  6:32  Roach  
  80  6:37  Roach x4  
  78  6:46  Zergling x6  
  78  6:47  Zergling x4  
  78  6:51  Zergling x6  
  76  7:00  Zergling x8  
  77  7:04  Zergling x4  
  77  7:10  Zergling x2  
  76  7:16  Zergling x4  
  76  7:17  Queen  
  77  7:23  Zerg Melee Weapons Level 1  
  77  7:24  Zergling x2  
  77  7:25  Zergling x4  
  77  7:29  Zergling x2  
  81  7:31  Queen  
  81  7:33  Zergling x4  
  84  7:40  Zergling x2  
  84  7:42  Queen  
  84  7:43  Overlord  
  85  7:50  Drone  
  85  7:51  Drone x3  
  84  7:52  Drone x3, Queen  
  84  7:57  Infestation Pit  
  72  8:03  Spore Crawler  
  69  8:06  Drone  
  69  8:07  Queen  
  69  8:08  Spore Crawler, Drone x2  
  73  8:13  Spore Crawler  
  73  8:19  Zergling x10  
  75  8:21  Queen  
  77  8:29  Spore Crawler  
  77  8:30  Drone x5  
  81  8:34  Infestor  
  81  8:35  Infestor  
  81  8:40  Infestor, Zergling x4  
  88  8:44  Drone x2  
  88  8:46  Drone x2  
  92  8:51  Overlord  
  92  8:55  Spore Crawler  
  91  8:56  Overlord  
  91  9:02  Overlord  
  91  9:07  Overlord  
  91  9:09  Queen  
  91  9:15  Pneumatized Carapace  
  91  9:17  Drone  
  91  9:18  Zerg Ground Armor Level 2  
  91  9:23  Drone x4  
  91  9:24  Queen  
  95  9:25  Extractor, Drone x2  
  95  9:28  Baneling Nest, Overlord  
  95  9:30  Drone  
  98  9:33  Drone  
  98  9:34  Spore Crawler  
  98  9:35  Zergling x8  
  98  9:38  Zergling x4  
  104  9:42  Spore Crawler  
  104  9:44  Zergling x2  
  104  9:45  Zergling x2  
  105  9:51  Zergling x6  
  109  9:58  Overlord  
  109  9:59  Infestor, Zergling x2  
  112  10:00  Queen  
  112  10:02  Hive  
  112  10:03  Zergling x6  
  112  10:09  Queen  
  112  10:14  Zergling x12  
  100  10:15  Baneling x3  
  100  10:20  Zergling x4  
  103  10:24  Drone  
  104  10:29  Zergling x4  
  104  10:33  Evolution Chamber  
  104  10:34  Baneling x4  
  105  10:35  Queen  
  105  10:37  Zergling x14  
  105  10:42  Overlord  
  114  10:43  Drone  
  114  10:46  Drone  
  114  10:48  Spore Crawler  
  112  10:53  Queen  
  112  10:54  Overlord  
  112  10:55  Drone  
  111  10:57  Spore Crawler  
  111  10:59  Zergling x2  
  111  11:05  Baneling x2  
  112  11:11  Drone x2  
  112  11:14  Queen  
  112  11:15  Ultralisk Cavern  
  114  11:19  Queen  
  107  11:41  Zergling x2  
  107  11:42  Zergling x8  
Tags
 
Matchup
ZvZ
Race
Zerg
Replay Pack
hsc29
Spawn Locations
Cross Positions
Add a new tag
Caveats
  • Supply blocks, unpowered buildings, or Contaminate may cause inaccurate times.
  • Supply counts are checked every 10 seconds.